 Dungeon Crawl Stone Soup version 0.22-a0-240-g539252a (webtiles) character file.

352 tidbits the Insei (level 6, 45/47 HPs)
             Began as a Gnoll Transmuter on Feb 21, 2018.
             Quit the game on level 6 of the Dungeon.
             The game lasted 00:07:01 (785 turns).

tidbits the Insei (Gnoll Transmuter)                 Turns: 785, Time: 00:07:01

Health: 45/47      AC:  6    Str: 10    XL:     6   Next: 61%
Magic:  14/14      EV: 14    Int: 18    God:
Gold:   137        SH:  4    Dex: 15    Spells: 9/15 levels left

rFire    . . .     SeeInvis .     - Unarmed
rCold    . . .     Gourm    .   D - +0 buckler
rNeg     . . .     Faith    .   B - +0 robe
rPois    .         Spirit   .   (helmet restricted)
rElec    .         Reflect  .   C - +0 cloak
rCorr    .         Harm     .   G - +0 pair of gloves
MR       .....                  (boots currently unavailable)
Stlth    ++........             (no amulet)
HPRegen  0.15/turn              (no ring)
MPRegen  0.14/turn              (no ring)

@: appendage (expiring)
A: distributed training, antennae 1, fangs 1, talons 3, icy blue scales 1, weak
1, strong nose
a: End Transformation


You were on level 6 of the Dungeon.
You were not hungry.
You had grown temporary talons.
You visited 2 branches of the dungeon, and saw 7 of its levels.

You collected 137 gold pieces.

Inventory:

Hand Weapons
 a - a +1 short sword of venom
   (You took it off an orc on level 3 of the Dungeon)
 f - a +1 short sword
 h - a +0 dagger
 m - a +0 flail
Missiles
 e - 14 stones (quivered)
 i - 37 arrows
 q - 6 tomahawks
Armour
 j - a +1 ring mail
 B - a +0 robe (worn)
 C - a +0 cloak (worn)
 D - a +0 buckler (worn)
 G - a +0 pair of gloves (worn)
Wands
 b - a wand of digging (10)
 r - a wand of iceblast (11)
Scrolls
 d - a scroll of noise {unknown}
 g - a scroll of remove curse {unknown}
 l - a scroll of immolation {unknown}
 n - a scroll of identify {unknown}
Potions
 k - a potion of might {unknown}
 o - a potion of flight {unknown}
 p - a potion of cancellation {unknown}
Comestibles
 c - 4 rations


   Skills:
 + Level 3.2 Fighting
 + Level 2.0 Short Blades
 + Level 2.0 Long Blades
 + Level 2.0 Axes
 + Level 2.0 Maces & Flails
 + Level 2.0 Polearms
 + Level 2.0 Staves
 + Level 2.0 Slings
 + Level 2.0 Bows
 + Level 2.0 Crossbows
 + Level 2.0 Throwing
 + Level 2.0 Armour
 + Level 5.0 Dodging
 + Level 2.0 Stealth
 + Level 2.0 Shields
 + Level 6.8 Unarmed Combat
 + Level 5.4 Spellcasting
 + Level 1.5 Conjurations
 + Level 1.5 Hexes
 + Level 1.5 Charms
 + Level 1.5 Summonings
 + Level 1.5 Necromancy
 + Level 1.5 Translocations
 + Level 4.1 Transmutations
 + Level 1.5 Fire Magic
 + Level 1.5 Ice Magic
 + Level 1.5 Air Magic
 + Level 1.5 Earth Magic
 + Level 1.5 Poison Magic
 + Level 2.2 Invocations
 + Level 2.0 Evocations


You had 9 spell levels left.
You knew the following spells:

 Your Spells              Type           Power        Failure   Level  Hunger
e - Beastly Appendage     Tmut           ###...       3%          1    None
k - Sticks to Snakes      Tmut           ###.....     4%          2    #......
p - Spider Form           Tmut/Pois      ###.......   16%         3    ##.....


Dungeon Overview and Level Annotations

Branches:
Dungeon (6/15)             Temple (1/1) D:5

Altars:
Ashenzari
Dithmenos
Elyvilon
Hepliaklqana
Kikubaaqudgha
Makhleb
Nemelex Xobeh
Qazlal
Ru
Sif Muna
Wu Jian
Xom
Yredelemnul
Zin
The Shining One


Innate Abilities, Weirdness & Mutations

Your experience applies equally to all skills.
You have very sharp teeth.
Your uncanny sense of smell can sniff out nearby items.
You have a pair of small antennae on your head.
You have claws for feet.
You are partially covered in icy blue scales. (AC +2)
You are weak. (Str -2)


Message History

You hit the orc but do no damage.
Your ball python bites the orc.
Your ball python grabs the orc.
Your ball python constricts the orc.
The orc misses you.
You hit the orc. You claw the orc.
The orc is almost dead.
Your ball python bites the orc.
The orc dies!
You barely miss the orc.
Your ball python completely misses the orc.
Your ball python closely misses the orc.
The orc barely misses you. The orc hits you with a whip.
Your ball python bites the orc.
Your ball python closely misses the orc.
You closely miss the orc.
The orc is moderately wounded.
The orc closely misses you. x2; Your ball python barely misses the orc.
Your ball python grabs the orc.
Your ball python constricts the orc.
You hit the orc.
You kill the orc!
You block the orc's attack.
Your ball python bites the orc but does no damage.
Your ball python grabs the orc.
Your ball python constricts the orc.
You hit the orc. You claw the orc.
The orc is almost dead.
The orc hits you but does no damage.
Your ball python bites the orc.
The orc dies!
You see here a tomahawk.
q - 5 tomahawks (gained 1)
You see here a tomahawk.
q - 6 tomahawks (gained 1)
Items here: $ )) [[ † You now have 87 gold pieces (gained 26).
Items here: $ ) [ † a whip; a chain mail; 31 gold pieces; an orc corpse You now have 118 gold pieces (gained 31).
Found 19 gold pieces.
Found a staircase to the Ecumenical Temple.
Your transformation is almost over.
There is a dry fountain here.
Found a ration.
You see here 19 gold pieces.
You now have 137 gold pieces (gained 19).
Your ball python withers and dies!
There is a staircase to the Ecumenical Temple here.
You climb downwards.
Welcome to the Ecumenical Temple!
There is a staircase back to the Dungeon here.
Unknown command.
Your talons disappear.
Found a glowing silver altar of Zin and an ornate altar of the Wu Jian Council.
Found a white marble altar of Elyvilon.
Found an ancient bone altar of Kikubaaqudgha.
There is a white marble altar of Elyvilon here.
Found a burning altar of Makhleb.
Found a shimmering altar of Xom.
Found a shattered altar of Ashenzari.
Found a basalt altar of Yredelemnul.
Found a shadowy altar of Dithmenos.
Found a sparkling altar of Nemelex Xobeh.
Found a hazy altar of Hepliaklqana.
Found a deep blue altar of Sif Muna.
Found a sacrificial altar of Ru.
Found a glowing golden altar of the Shining One.
Found a stormy altar of Qazlal.
There is a stormy altar of Qazlal here.
There is a staircase back to the Dungeon here.
You climb upwards.
Welcome back to the Dungeon!
You hear the sound of rushing water.
There is an entrance to a sewer on this level.
Hurry and find it before the portal rusts away!
You hear the rusting of a very distant drain.
There is a staircase to the Ecumenical Temple here.
You see here a ration.
c - 4 rations (gained 1)
Found a stone staircase leading down.
A crimson imp comes into view.
There is a stone staircase leading down here.
The crimson imp shouts!
You climb downwards.
An adder zombie comes into view.
There is a stone staircase leading up here.
Casting: Sticks to Snakes (safe; 4% risk of failure)
Confirm with . or Enter, or press ? or * to list all spells.
Your feet morph into talons.
The adder zombie bites you.
You hit the adder zombie.
The adder zombie is lightly damaged.
The adder zombie bites you but does no damage.
You hit the adder zombie.
The adder zombie is heavily damaged.
You block the adder zombie's attack.
You barely miss the adder zombie. You claw the adder zombie.
The adder zombie is heavily damaged.
The adder zombie closely misses you.
You closely miss the adder zombie. You claw the adder zombie.
The adder zombie is almost destroyed.
The adder zombie misses you.
You punch the adder zombie!
You destroy the adder zombie!
Your transformation is almost over.
Okay, then.
Are you sure you want to abandon this character and quit the game? (Confirm with "yes".)

## ###
#.###########@#
#.............#
#.#<..........#
#############


There were no monsters in sight!

Vanquished Creatures
  Eustachio (D:4)
  2 centaur skeletons (D:5)
  2 orc wizards (D:3)
  A worker ant (D:4)
  Ijyb (D:4)
  2 adders (D:2)
  An adder zombie (D:6)
  An adder skeleton (D:4)
  5 orcs
  3 goblins
  3 hobgoblins
  A ball python (D:4)
  2 bats (D:3)
  A frilled lizard (D:3)
  A jackal skeleton (D:4)
  2 kobolds (D:2)
  3 rats
32 creatures vanquished.

Vanquished Creatures (collateral kills)
  A worm (D:4)
  2 orcs (D:5)
  A ball python (D:4)
4 creatures vanquished.

Grand Total: 36 creatures vanquished

Notes
Turn   | Place    | Note
-------+----------+-------------------------------------------
     0 | D:1      | tidbits the Gnoll Transmuter began the quest for the Orb.
     0 | D:1      | Reached XP level 1. HP: 17/17 MP: 6/6
    56 | D:2      | Reached XP level 2. HP: 17/23 MP: 7/7
    60 | D:2      | Learned a level 2 spell: Sticks to Snakes
   139 | D:2      | Reached XP level 3. HP: 25/28 MP: 1/9
   144 | D:2      | Learned a level 3 spell: Spider Form
   172 | D:3      | Reached skill level 5 in Spellcasting
   279 | D:4      | Reached skill level 1 in Short Blades
   279 | D:4      | Reached skill level 1 in Long Blades
   279 | D:4      | Reached skill level 1 in Axes
   279 | D:4      | Reached skill level 1 in Maces & Flails
   279 | D:4      | Reached skill level 1 in Polearms
   279 | D:4      | Reached skill level 1 in Staves
   279 | D:4      | Reached skill level 1 in Slings
   279 | D:4      | Reached skill level 1 in Bows
   279 | D:4      | Reached skill level 1 in Crossbows
   279 | D:4      | Reached skill level 1 in Throwing
   279 | D:4      | Reached skill level 1 in Armour
   279 | D:4      | Reached skill level 1 in Stealth
   279 | D:4      | Reached skill level 1 in Shields
   279 | D:4      | Reached skill level 1 in Invocations
   279 | D:4      | Reached skill level 1 in Evocations
   335 | D:4      | Reached XP level 4. HP: 30/34 MP: 9/11
   345 | D:4      | Noticed Eustachio
   349 | D:4      | Gained mutation: You are partially covered in icy blue scales. (AC +2) [potion of mutation]
   349 | D:4      | Gained mutation: You are weak. (Str -2) [potion of mutation]
   349 | D:4      | Gained mutation: You have a pair of small antennae on your head. [potion of mutation]
   361 | D:4      | Killed Eustachio
   361 | D:4      | Reached skill level 3 in Fighting
   361 | D:4      | Reached skill level 1 in Conjurations
   361 | D:4      | Reached skill level 1 in Hexes
   361 | D:4      | Reached skill level 1 in Charms
   361 | D:4      | Reached skill level 1 in Summonings
   361 | D:4      | Reached skill level 1 in Necromancy
   361 | D:4      | Reached skill level 1 in Translocations
   361 | D:4      | Reached skill level 4 in Transmutations
   361 | D:4      | Reached skill level 1 in Fire Magic
   361 | D:4      | Reached skill level 1 in Ice Magic
   361 | D:4      | Reached skill level 1 in Air Magic
   361 | D:4      | Reached skill level 1 in Earth Magic
   361 | D:4      | Reached skill level 1 in Poison Magic
   361 | D:4      | Reached XP level 5. HP: 37/41 MP: 2/12
   404 | D:3      | Reached skill level 2 in Invocations
   404 | D:3      | Reached XP level 6. HP: 25/47 MP: 2/13
   452 | D:5      | Entered Level 5 of the Dungeon
   494 | D:4      | Noticed Ijyb
   503 | D:4      | Killed Ijyb
   503 | D:4      | Reached skill level 5 in Dodging
   598 | D:5      | Reached skill level 2 in Short Blades
   598 | D:5      | Reached skill level 2 in Long Blades
   598 | D:5      | Reached skill level 2 in Axes
   598 | D:5      | Reached skill level 2 in Maces & Flails
   598 | D:5      | Reached skill level 2 in Polearms
   598 | D:5      | Reached skill level 2 in Staves
   598 | D:5      | Reached skill level 2 in Slings
   598 | D:5      | Reached skill level 2 in Bows
   598 | D:5      | Reached skill level 2 in Crossbows
   598 | D:5      | Reached skill level 2 in Throwing
   598 | D:5      | Reached skill level 2 in Armour
   598 | D:5      | Reached skill level 2 in Stealth
   598 | D:5      | Reached skill level 2 in Shields
   598 | D:5      | Reached skill level 2 in Evocations
   651 | D:5      | Found a staircase to the Ecumenical Temple.
   659 | Temple   | Entered the Ecumenical Temple
   785 | D:6      | Quit the game

Vault maps used:
D:1:      lemuel_arrival_broad_hall
D:2:      okawaru_altar_gauntlet_db
D:3:      fedhas_altar_fruit_tree, uniq_grinder
D:4:      marbit_many_paths, minivault_27, uniq_eustachio, uniq_ijyb,
          uniq_menkaure
D:5:      minmay_temple_entry_junction, gup_sewer_entry_spiral, first_ration,
          serial_bayou_pond_a
D:6:      serial_bayou, serial_bayou_pond_b, serial_bayou_pond_e,
          serial_bayou_lagoon_a, serial_bayou_pond_e, eino_tiny_chamber
Temple:   eino_temple_scatter_basement

Skill      XL: |  1  2  3  4  5  6 |
---------------+-------------------+-----
Spellcasting   | 5 |  5.4
Short Blades   | 1 2 |  2.0
Long Blades    | 1 2 |  2.0
Axes           | 1 2 |  2.0
Maces & Flails | 1 2 |  2.0
Polearms       | 1 2 |  2.0
Staves         | 1 2 |  2.0
Slings         | 1 2 |  2.0
Bows           | 1 2 |  2.0
Crossbows      | 1 2 |  2.0
Throwing       | 1 2 |  2.0
Armour         | 1 2 |  2.0
Stealth        | 1 2 |  2.0
Shields        | 1 2 |  2.0
Invocations    | 1 2 |  2.2
Evocations     | 1 2 |  2.0
Fighting       | 3 |  3.2
Conjurations   | 1 |  1.5
Hexes          | 1 |  1.5
Charms         | 1 |  1.5
Summonings     | 1 |  1.5
Necromancy     | 1 |  1.5
Translocations | 1 |  1.5
Transmutations | 4 |  4.1
Fire Magic     | 1 |  1.5
Ice Magic      | 1 |  1.5
Air Magic      | 1 |  1.5
Earth Magic    | 1 |  1.5
Poison Magic   | 1 |  1.5
Dodging        | 5 |  5.0
Unarmed Combat | |  6.8

Action                   |  1- 3 |  4- 6 || total
-------------------------+-------+-------++-------
Melee: Unarmed           |    45 |    51 ||    96
       Headbutt          |     4 |       ||     4
       Bite              |     2 |     1 ||     3
       Punch             |     1 |       ||     1
       Kick              |       |     8 ||     8
       Short sword       |       |     4 ||     4
 Cast: Beastly Appendage |     7 |     3 ||    10
       Sticks to Snakes  |     4 |     5 ||     9
       Spider Form       |     1 |     5 ||     6
  Use: Scroll            |     2 |       ||     2
       Potion            |       |     2 ||     2
 Stab: Sleeping          |     1 |     2 ||     3
  Eat: Ration            |       |     1 ||     1
Armor: Robe              |     9 |     4 ||    13
       Skin              |       |     5 ||     5
Dodge: Dodged            |    31 |    70 ||   101
Block: Buckler           |       |     4 ||     4

Table legend:
 A = Spawn XP
 B = Non-spawn XP
 C = Spawn XP percentage of total XP
 D = Spawn monster count
 E = Non-spawn monster count
 F = Spawn count percentage of total count
 G = Total turns spent on level
                    A         B        C        D         E        F      G
               +---------+---------+-------+---------+---------+-------+---------
         Total |       0 |     503 |   0.0 |       0 |      36 |   0.0 |   785
               +---------+---------+-------+---------+---------+-------+---------
           D:1 |       0 |       5 |   0.0 |       0 |       3 |   0.0 |    67
           D:2 |       0 |      32 |   0.0 |       0 |       7 |   0.0 |   139
           D:3 |       0 |     100 |   0.0 |       0 |      11 |   0.0 |   137
           D:4 |       0 |     270 |   0.0 |       0 |       8 |   0.0 |   132
           D:5 |       0 |      90 |   0.0 |       0 |       6 |   0.0 |   200
           D:6 |       0 |       6 |   0.0 |       0 |       1 |   0.0 |    17
               +---------+---------+-------+---------+---------+-------+---------

Table legend:
 A = Turns spent in this place as a percentage of turns spent in the entire game.
 B = Non-inter-level travel turns spent in this place as a percentage of non-inter-level travel turns spent in the entire game.
 C = Inter-level travel turns spent in this place as a percentage of turns spent in this place.
 D = Turns resting spent in this place as a percentage of non-inter-level travel turns spent in this place.
 E = Turns spent auto-exploring this place as a percentage of non-inter-level travel turns spent in this place.
 F = Non-inter-level travel turns spent in this place divided by the number of levels of this place that you've seen.
                   A       B       C       D       E      F
               +-------+-------+-------+-------+-------+----------------------
         Total | 100.0 | 100.0 |   1.0 |   0.0 |   0.0 | 111.0
       Dungeon |  88.2 |  89.1 |   0.0 |   0.0 |   0.0 | 115.3
        Temple |  11.8 |  10.9 |   8.6 |   0.0 |   0.0 |  85.0
               +-------+-------+-------+-------+-------+----------------------

Table legend:
 A = Kills in this place as a percentage of kills in entire the game.
 B = Kills by you in this place as a percentage of kills by you in the entire game.
 C = Kills by friends in this place as a percentage of kills by friends in the entire game.
 D = Other kills in this place as a percentage of other kills in the entire game.
 E = Experience gained in this place as a percentage of experience gained in the entire game.
 F = Experience gained in this place divided by the number of levels of this place that you have seen.
                   A       B       C       D       E      F
               +-------+-------+-------+-------+-------+----------------------
         Total | 100.0 | 100.0 | 100.0 |   N/A | 100.0 |  71.9
       Dungeon | 100.0 | 100.0 | 100.0 |   N/A | 100.0 |  83.8
               +-------+-------+-------+-------+-------+----------------------

Vault maps used:
D:1:      lemuel_arrival_broad_hall
D:2:      okawaru_altar_gauntlet_db
D:3:      fedhas_altar_fruit_tree, uniq_grinder
D:4:      marbit_many_paths, minivault_27, uniq_eustachio, uniq_ijyb,
          uniq_menkaure
D:5:      minmay_temple_entry_junction, gup_sewer_entry_spiral, first_ration,
          serial_bayou_pond_a
D:6:      serial_bayou, serial_bayou_pond_b, serial_bayou_pond_e,
          serial_bayou_lagoon_a, serial_bayou_pond_e, eino_tiny_chamber
Temple:   eino_temple_scatter_basement
